AoeStats
← Gezzle

African Clearing

510906992Analyzed
2v2 RM · 19h ago on Oct 3, 2026· 32m 19s· 4 players
Game mode
Random Map
Map size
Medium (4 player)
Population
200
Speed
Normal
Resources
Standard
Victory
Conquest
Starting age
Dark Age
Ending age
Imperial Age
RankedLock teamsTeams togetherTeam positionsShared explorationLock speedFull tech treeHidden civsTurbo modeCheats
Victory
Defeat
🇧🇷 Turks · Brazil
947
+43
🇺🇸 Varangians · United States
874
+19
🇦🇺 Inca · Australia
1028
-21
🇻🇪 Khmer · Venezuela
860
-14
Arn I
9:03 Loom
13:48 Feudal Age
17:45 Double-Bit Axe
20:22 Castle Age
22:51 Bow Saw
24:02 Wheelbarrow
28:36 Hand Cart
29:20 Bloodlines
29:18 Scale Barding Armor
29:24 Forging
33:08 Iron Casting
ycetra
15:33 Feudal Age
20:05 Castle Age
26:23 Imperial Age
32:33 Padded Archer Armor
Uberre
14:05 Feudal Age
14:25 Loom
16:05 Double-Bit Axe
17:34 Bloodlines
18:12 Horse Collar
21:37 Padded Archer Armor
21:28 Fletching
25:49 Castle Age
25:20 Stone Mining
25:56 Scale Barding Armor
25:55 Gold Mining
27:27 Bow Saw
27:11 Elite Skirmisher
28:16 Husbandry
29:02 Leather Archer Armor
30:05 Light Cavalry
31:40 Chain Barding Armor
Gezzle
13:46 Feudal Age
12:04 Loom
14:56 Double-Bit Axe
14:52 Horse Collar
20:32 Castle Age
21:40 Champi Runner
23:44 Scale Mail Armor
29:19 Fletching
29:59 Crossbowman
31:57 Wheelbarrow
Connection lost

Rejoining the realm…

Still unreachable

The connection could not be restored.

Session expired

The server has moved on; the page needs a fresh start.